Map: Canyon of Tribulation

Players

Subwaymaker

  • Race: Protoss Protoss
  • League: Silver
  • Spawn Location: 12:00

Mesrob

  • Race: Terran Terran
  • League: Gold
  • Spawn Location: 3:00

subwayengine

  • Race: Terran Terran
  • Spawn Location: 12:00

Gromcillo

  • Race: Protoss Protoss
  • League: Gold
  • Spawn Location: 6:00

Jitoru

  • Race: Terran Terran
  • Spawn Location: 6:00

Felifox

  • Race: Zerg Zerg
  • League: Gold
  • Spawn Location: 7:00

VOD

Have the link to the VOD?

Description

Time

  • Played on: Jan. 17, 2019, 8:49 p.m.
  • Length: 19:22
Show
View Real Time Build Order
Export as new Build Order

Subwaymaker Protoss 

Build Orders:  

Get SALT Encoding   

  1  0:00  Probe  
  12  0:06  Probe  
  14  0:34  Pylon  
  14  0:37  Probe  
  15  0:51  Probe  
  16  0:59  Forge, Probe  
  16  1:01  Gateway  
  17  1:07  Probe  
  17  1:13  Assimilator  
  17  1:16  Pylon  
  18  1:38  Pylon  
  18  1:43  Pylon  
  18  1:46  Pylon  
  18  2:02  Photon Cannon  
  18  2:06  Photon Cannon  
  18  2:09  Photon Cannon  
  18  2:18  Pylon  
  18  2:22  Photon Cannon  
  18  2:50  Photon Cannon  
  18  2:52  Photon Cannon  
  18  2:58  Pylon  
  18  3:01  Pylon  
  18  3:04  Pylon  
  18  3:11  Photon Cannon  
  18  3:26  Zealot  
  20  3:34  Cybernetics Core  
  20  3:36  Assimilator  
  20  3:39  Probe  
  21  3:51  Probe  
  22  3:59  Probe  
  22  4:07  Probe  
  22  4:08  Zealot  
  25  4:16  Warp Gate, Probe  
  27  4:45  Nexus  
  27  4:49  Pylon  
  27  5:01  Protoss Ground Armor Level 1  
  27  5:03  Probe  
  28  5:11  Probe  
  28  5:13  Stalker  
  30  5:20  Probe  
  31  5:21  Pylon  
  31  5:28  Stargate  
  32  5:32  Probe  
  33  5:36  Photon Cannon  
  33  5:44  Probe  
  34  5:53  Probe  
  34  5:57  Probe  
  35  6:02  Probe  
  36  6:05  Probe  
  36  6:10  Protoss Air Weapons Level 1  
  38  6:11  Probe  
  38  6:13  Void Ray, Probe  
  44  6:23  Probe  
  44  6:27  Photon Cannon  
  45  6:41  Pylon  
  45  6:43  Assimilator  
  45  6:47  Assimilator  
  45  6:49  Pylon, Probe  
  45  6:50  Probe  
  45  6:53  Photon Cannon  
  47  7:02  Probe x2  
  49  7:14  Probe  
  49  7:15  Twilight Council  
  50  7:19  Void Ray  
  54  7:27  Stalker  
  56  7:41  Probe x2  
  58  7:45  Charge  
  58  7:50  Pylon  
  58  7:53  Probe x2  
  58  7:54  Void Ray  
  60  8:05  Probe  
  65  8:11  Protoss Ground Weapons Level 1  
  65  8:13  Gateway  
  65  8:15  Gateway  
  65  8:17  Gateway  
  65  8:19  Gateway  
  65  8:28  Zealot  
  65  8:29  Protoss Air Armor Level 1  
  67  8:59  Photon Cannon  
  67  9:01  Gateway  
  67  9:03  Probe x2  
  67  9:05  Pylon  
  67  9:07  Gateway  
  67  9:09  Pylon  
  69  9:10  Nexus  
  69  9:13  Assimilator  
  69  9:15  Probe  
  69  9:16  Zealot  
  72  9:17  Zealot x2  
  72  9:18  Zealot  
  78  9:26  Void Ray  
  78  9:33  Zealot  
  84  9:44  Probe x2  
  86  9:57  Zealot x2  
  86  9:58  Stalker, Zealot  
  86  9:59  Stalker, Sentry  
  98  10:10  Probe  
  98  10:11  Probe  
  100  10:22  Probe  
  100  10:23  Probe  
  100  10:26  Pylon  
  98  10:31  Pylon  
  98  10:34  Photon Cannon  
  94  10:37  Cybernetics Core  
  90  10:51  Pylon  
  90  10:54  Pylon, Void Ray  
  90  10:56  Assimilator  
  90  10:58  Zealot  
  90  10:59  Protoss Ground Armor Level 2  
  90  11:00  Zealot  
  90  11:01  Zealot x2  
  90  11:02  Zealot x2  
  90  11:03  Zealot  
  84  11:20  Stalker  
  84  11:21  Stalker  
  84  11:22  Stalker x2  
  84  11:23  Stalker  
  84  11:24  Stalker  
  84  11:39  Fleet Beacon  
  84  11:44  Cybernetics Core  
  84  11:50  Probe  
  84  11:51  Void Ray  
  85  11:58  Probe  
  85  12:08  Probe  
  90  12:14  Protoss Air Weapons Level 2  
  91  12:16  Protoss Air Armor Level 2  
  91  12:25  Forge  
  91  12:34  Void Ray  
  91  12:35  Stalker x2  
  91  12:36  Stalker, Zealot  
  103  12:37  Zealot  
  103  12:38  Zealot x2  
  85  13:25  Stalker  
  85  13:26  Stalker x2  
  81  13:27  Stalker x2  
  81  13:28  Stalker  
  81  13:29  Zealot  
  81  13:30  Void Ray  
  81  13:45  Protoss Ground Armor Level 3  
  81  13:48  Pylon  
  81  13:50  Stargate  
  81  13:59  Nexus  
  81  14:02  Pylon, Zealot x2  
  85  14:03  Zealot x3  
  85  14:04  Pylon, Stalker x2  
  85  14:06  Assimilator  
  85  14:07  Carrier  
  85  14:09  Protoss Shields Level 1  
  93  14:12  Protoss Air Weapons Level 3  
  99  14:23  Protoss Air Armor Level 3  
  99  14:25  Void Ray  
  103  14:58  Gateway  
  103  14:59  Probe x2  
  105  15:00  Gateway  
  105  15:03  Stargate  
  105  15:05  Stalker  
  105  15:06  Stalker  
  109  15:08  Zealot  
  111  15:16  Zealot x2  
  111  15:18  Zealot  
  117  15:37  Carrier  
  117  15:39  Void Ray  
  125  16:08  Void Ray  
  129  16:15  Zealot x4  
  129  16:18  Stalker  
  133  16:22  Void Ray  
  123  16:41  Stalker  
  123  16:42  Stalker x2  
  123  16:43  Stalker x2  
  133  16:47  Tempest  
  133  16:51  Void Ray  
  122  17:24  Void Ray  
  124  17:30  Tempest  
  124  17:33  Tempest  
  126  17:37  Zealot  
  126  17:38  Stalker  
  126  17:39  Stalker x2  
  106  18:06  Tempest  
  101  18:13  Tempest  
  101  18:16  Tempest  
  79  18:54  Stalker x2  
  79  18:55  Stalker x4  
  94  18:56  Stalker  
Show
View Real Time Build Order
Export as new Build Order

Mesrob Terran 

Build Orders: Mech 

Get SALT Encoding   

  12  0:00  SCV  
  13  0:13  SCV  
  14  0:19  Supply Depot  
  14  0:25  SCV  
  15  0:43  Barracks  
  15  0:44  SCV  
  16  0:56  SCV  
  17  1:08  SCV  
  17  1:10  Refinery  
  18  1:13  Refinery  
  18  1:20  SCV  
  19  1:33  Orbital Command  
  19  1:43  Command Center  
  19  1:47  Marine  
  20  2:07  Marine  
  21  2:14  Bunker  
  21  2:21  Factory  
  21  2:34  Barracks Tech Lab  
  21  2:43  SCV  
  22  2:44  Supply Depot  
  22  2:55  SCV  
  24  3:02  Orbital Command  
  23  3:07  SCV  
  23  3:12  Engineering Bay  
  24  3:18  Siege Tank  
  24  3:19  SCV  
  28  3:25  Supply Depot  
  28  3:48  Supply Depot  
  28  3:52  Barracks Reactor  
  28  3:59  SCV  
  29  4:08  SCV  
  30  4:11  SCV  
  30  4:16  Factory  
  31  4:20  SCV  
  31  4:23  SCV  
  33  4:24  Factory  
  33  4:27  Siege Tank  
  36  4:33  SCV  
  36  4:36  SCV  
  38  4:45  SCV  
  39  4:52  Factory  
  39  4:57  SCV x2  
  41  5:02  Refinery  
  41  5:09  SCV x2  
  41  5:12  Factory Tech Lab, Factory Reactor  
  43  5:19  Factory  
  43  5:21  SCV x2  
  43  5:24  Factory  
  45  5:33  Armory  
  45  5:40  Refinery  
  45  5:41  SCV  
  46  5:49  Factory  
  46  5:57  Hellion x2  
  46  5:58  Hellion x2  
  54  6:06  Siege Tank  
  57  6:16  Factory Tech Lab  
  57  6:26  Supply Depot  
  61  6:40  Hellbat x2  
  61  6:44  Factory Tech Lab  
  61  6:45  Factory Tech Lab  
  61  6:48  Hellbat, Thor  
  61  6:49  Supply Depot  
  61  6:51  Factory  
  69  7:03  Command Center  
  69  7:08  Hellbat  
  69  7:11  Thor  
  69  7:15  Supply Depot  
  72  7:38  Supply Depot  
  72  7:45  Thor x2  
  72  7:46  Factory Reactor  
  72  7:47  Hellbat  
  72  7:48  Hellbat  
  83  8:01  Supply Depot  
  74  8:17  Thor x2  
  90  8:20  Hellion, Hellbat  
  90  8:23  Supply Depot  
  90  8:26  Missile Turret  
  90  8:28  SCV x2  
  92  8:45  Supply Depot  
  92  8:52  Hellion x2, Hellbat x2  
  92  8:53  Hellion  
  102  9:00  Thor  
  108  9:08  Hellion x4  
  108  9:22  Thor x2  
  120  9:31  Terran Vehicle Weapons Level 1  
  120  9:35  Armory  
  120  9:45  SCV  
  120  9:50  Supply Depot  
  120  9:51  Planetary Fortress  
  121  9:58  SCV  
  122  10:10  SCV  
  122  10:14  Supply Depot  
  100  10:22  SCV  
  100  10:25  Thor x2  
  100  10:27  Hellbat  
  100  10:28  Hellbat  
  109  10:37  Supply Depot  
  102  11:02  Supply Depot  
  102  11:10  Thor x2  
  114  11:14  SCV x2  
  114  11:17  SCV  
  117  11:22  Hellbat x3  
  123  11:26  SCV  
  123  11:27  Supply Depot  
  124  11:46  Thor  
  130  11:47  Thor  
  130  11:51  Supply Depot  
  136  11:59  Refinery  
  136  12:04  Refinery  
  136  12:06  Command Center  
  136  12:13  Refinery, SCV  
  136  12:14  SCV x2  
  139  12:18  Thor  
  145  12:25  SCV  
  145  12:26  SCV  
  147  12:40  Refinery  
  127  13:08  Thor x3  
  127  13:11  Thor  
  127  13:12  Hellbat x2  
  159  13:13  Hellbat x2  
  159  13:32  Hellbat x2  
  159  13:33  Thor  
  163  13:36  Hellbat x2  
  163  13:38  Planetary Fortress  
  163  13:40  SCV x2  
  163  13:41  SCV  
  152  13:52  SCV  
  152  13:53  SCV x2  
  109  14:36  Thor x4  
  133  14:38  Thor  
  133  14:39  Hellbat  
  133  14:40  Hellbat  
  143  14:48  SCV x2  
  143  14:49  SCV  
  143  14:50  SCV  
  147  15:00  SCV x2  
  145  15:25  Thor x3  
  163  15:28  Thor  
  163  15:33  Supply Depot  
  153  15:56  Thor  
  159  15:57  Hellbat x2  
  159  16:04  Hellbat x2  
  167  16:08  Thor  
  113  16:34  Thor  
  113  16:35  Thor x2  
  131  16:56  Hellion  
  131  16:57  Hellion x4  
  131  16:58  Hellion  
  131  16:59  Thor  
  149  17:09  SCV x2  
  67  18:02  Thor x4  
  67  18:04  Hellbat x4  
  102  18:06  Hellbat  
Show
View Real Time Build Order
Export as new Build Order

subwayengine Terran 

Build Orders:  

Get SALT Encoding   

  12  0:37  Supply Depot  
  12  0:40  SCV  
  13  0:45  Refinery  
  13  0:52  SCV  
  14  1:07  SCV  
  15  1:19  SCV, Barracks  
  16  1:27  Engineering Bay  
  16  1:32  SCV  
  17  1:44  SCV  
  18  1:56  SCV  
  18  1:57  Refinery  
  19  2:01  Terran Infantry Weapons Level 1  
  19  2:41  Factory  
  19  2:47  Orbital Command  
  19  2:48  Barracks Tech Lab  
  19  3:07  Command Center  
  19  3:08  Combat Shield  
  19  3:11  Marine  
  20  3:19  SCV  
  21  3:28  Marine  
  21  3:31  SCV  
  23  3:41  Starport  
  23  3:52  Factory Tech Lab  
  23  3:56  Supply Depot  
  23  4:17  Marine, SCV  
  23  4:18  Infernal Pre-Igniter  
  23  4:20  Supply Depot  
  25  4:29  SCV  
  26  4:35  Marine  
  26  4:36  Orbital Command  
  27  4:40  Refinery  
  27  4:41  SCV  
  27  4:45  Supply Depot  
  28  4:47  Starport Tech Lab  
  28  4:52  Marine  
  28  4:53  SCV  
  30  5:02  Fusion Core  
  30  5:05  SCV  
  30  5:06  Hellion  
  33  5:07  Refinery  
  33  5:10  Marine  
  34  5:18  SCV  
  34  5:20  SCV  
  36  5:28  Marine  
  36  5:30  SCV  
  38  5:40  Starport  
  38  5:42  SCV  
  39  5:53  SCV  
  39  5:54  SCV  
  41  6:03  Battlecruiser  
  47  6:05  SCV  
  48  6:15  Supply Depot  
  48  6:17  SCV  
  49  6:29  SCV  
  50  6:39  Supply Depot  
  50  6:41  SCV  
  51  6:47  Starport Tech Lab  
  51  6:48  Barracks  
  51  6:53  SCV  
  52  6:58  SCV  
  53  7:02  Supply Depot  
  53  7:06  SCV  
  54  7:08  Battlecruiser  
  54  7:10  SCV  
  61  7:17  Weapon Refit  
  61  7:18  SCV  
  61  7:19  Battlecruiser  
  61  7:22  SCV  
  69  7:30  SCV  
  69  7:34  SCV  
  71  7:46  SCV  
  63  8:21  Marine  
  63  8:25  Battlecruiser  
  70  8:39  Marine  
  71  8:44  SCV  
  72  8:57  Marine, SCV  
  72  8:59  Barracks Tech Lab  
  74  9:04  Terran Infantry Armor Level 1  
  74  9:09  SCV  
  75  9:15  Marine  
  76  9:21  SCV  
  83  9:31  Battlecruiser  
  83  9:33  Marine, SCV  
  85  9:42  Supply Depot  
  85  10:04  Battlecruiser  
  64  10:34  Marine  
  65  10:38  Siege Tank  
  68  10:46  Battlecruiser  
  74  10:51  Marine  
  75  11:09  Marine, SCV  
  75  11:10  Siege Tank  
  80  11:21  SCV  
  81  11:27  Marine  
  82  11:40  Neosteel Armor  
  82  11:42  Siege Tank  
  82  11:45  Marine  
  86  11:48  Supply Depot  
  86  11:50  Supply Depot  
  86  12:14  Siege Tank  
  89  12:31  Marine  
  89  12:35  Battlecruiser x2  
  102  12:46  Siege Tank  
  102  12:49  Marine  
  106  13:07  Marine  
  107  13:18  Siege Tank  
  96  13:25  Marine  
  79  13:39  Battlecruiser  
  84  13:42  Marine  
  75  14:14  Marine  
  76  14:18  Battlecruiser  
  78  14:31  Marine  
  73  14:43  Battlecruiser  
  79  14:49  Marine  
  80  15:07  Marine  
  80  15:10  Hellion  
  83  15:22  Battlecruiser  
  83  15:25  Marine  
  90  15:32  Hellion  
  91  15:43  Marine  
  91  15:47  Battlecruiser  
  97  15:53  Hellion  
  98  16:00  Marine  
  99  16:06  Hi-Sec Auto Tracking  
  99  16:15  Hellion  
  79  16:18  Marine  
  76  16:26  Battlecruiser  
  80  16:36  Hellion, Marine  
  83  16:52  Battlecruiser  
  89  16:54  Marine  
  89  16:57  Hellion  
  66  17:30  Battlecruiser  
  66  17:35  Siege Tank  
  73  17:53  Marine  
  73  17:56  Battlecruiser  
  74  18:07  Siege Tank  
  74  18:11  Marine  
  72  18:29  Marine  
  60  18:39  Hellion  
  59  18:46  Marine  
  59  19:01  Hellion  
Show
View Real Time Build Order
Export as new Build Order

Gromcillo Protoss 

Build Orders: Carriers 

Get SALT Encoding   

  12  0:01  Probe  
  13  0:15  Pylon  
  13  0:18  Probe  
  14  0:30  Probe  
  15  0:36  Gateway  
  15  0:42  Probe  
  16  0:46  Assimilator  
  16  0:54  Probe  
  17  0:59  Pylon  
  17  1:06  Probe  
  17  1:08  Assimilator  
  18  1:18  Probe  
  18  1:24  Cybernetics Core  
  19  1:33  Probe  
  20  1:44  Gateway  
  20  1:45  Probe  
  21  1:57  Probe  
  22  2:04  Stalker  
  24  2:32  Stalker  
  24  2:34  Stalker, Gateway  
  28  2:54  Warp Gate  
  28  3:02  Stalker  
  30  3:11  Pylon  
  30  3:14  Pylon  
  30  3:16  Pylon  
  30  3:29  Stalker  
  32  3:42  Stalker  
  30  3:56  Stalker  
  30  3:59  Stalker  
  34  4:12  Sentry  
  36  4:18  Nexus  
  36  4:34  Forge  
  36  4:39  Probe  
  37  4:51  Stalker  
  37  4:52  Stalker x2, Probe  
  44  5:17  Robotics Facility  
  44  5:22  Protoss Ground Armor Level 1  
  44  5:28  Stalker  
  46  5:29  Stalker x2  
  51  5:50  Probe  
  51  5:51  Probe  
  52  6:02  Probe  
  52  6:03  Probe  
  54  6:05  Observer  
  55  6:14  Probe  
  55  6:16  Probe  
  57  6:20  Warp Prism  
  57  6:24  Photon Cannon  
  59  6:56  Probe x2  
  59  6:57  Immortal  
  65  7:03  Assimilator  
  65  7:07  Assimilator  
  65  7:08  Probe x2  
  67  7:20  Probe x2  
  69  7:32  Probe  
  70  7:42  Pylon  
  70  7:45  Pylon  
  70  7:53  Nexus  
  70  8:00  Immortal, Probe x2  
  70  8:10  Protoss Shields Level 1  
  68  8:12  Probe x2  
  68  8:19  Robotics Facility  
  68  8:25  Probe x2  
  70  8:37  Probe  
  70  8:38  Protoss Air Armor Level 1  
  70  8:40  Immortal  
  75  8:48  Stalker x2  
  77  8:49  Stalker  
  81  9:34  Stalker  
  81  9:35  Stalker x2  
  87  9:59  Stalker x2  
  91  10:00  Stalker  
  48  10:41  Pylon  
  48  10:45  Pylon  
  48  10:49  Immortal x2  
  56  10:52  Stalker x3  
  62  11:11  Pylon  
  62  11:13  Pylon  
  62  11:16  Pylon, Assimilator  
  62  11:19  Pylon  
  62  11:20  Pylon, Assimilator  
  62  11:28  Immortal  
  62  11:29  Immortal  
  62  11:31  Stargate  
  70  11:32  Stargate  
  70  11:34  Stargate  
  70  11:36  Stargate  
  70  11:39  Stargate  
  70  11:50  Probe  
  70  11:54  Probe x2  
  73  12:02  Probe  
  73  12:06  Probe x2  
  73  12:08  Immortal  
  80  12:12  Protoss Air Weapons Level 1  
  80  12:14  Probe  
  81  12:18  Fleet Beacon  
  81  12:47  Immortal  
  81  12:48  Twilight Council  
  85  12:52  Carrier  
  85  12:53  Carrier  
  85  12:58  Carrier  
  99  13:53  Carrier  
  87  14:02  Carrier  
  89  14:04  Carrier  
  101  14:24  Protoss Air Armor Level 2  
  101  14:53  Nexus  
  101  15:08  Carrier  
  101  15:09  Carrier  
  95  15:25  Carrier  
  101  15:49  Carrier  
  107  15:58  Carrier  
  113  16:33  Carrier  
  119  17:06  Carrier  
  125  17:30  Carrier  
  125  17:52  Carrier  
  131  18:16  Carrier  
  125  18:32  Assimilator  
  125  18:36  Assimilator  
Show
View Real Time Build Order
Export as new Build Order

Jitoru Terran 

Build Orders: Mech 

Get SALT Encoding   

  12  0:01  SCV  
  13  0:13  SCV  
  14  0:22  Supply Depot  
  14  0:25  SCV  
  15  0:40  Refinery  
  15  0:44  SCV  
  15  0:47  Barracks  
  16  0:56  SCV  
  17  1:08  SCV  
  18  1:20  SCV  
  18  1:24  Barracks  
  19  1:33  Barracks Reactor  
  19  1:39  Supply Depot  
  19  1:51  Refinery, SCV  
  20  2:03  SCV  
  20  2:05  Factory  
  21  2:15  SCV  
  22  2:26  Reaper  
  22  2:28  SCV  
  22  2:29  Barracks Tech Lab  
  24  2:38  Reaper  
  24  2:41  SCV  
  26  2:51  Factory Reactor  
  26  3:07  Barracks Reactor  
  26  3:12  Siege Tank  
  29  3:13  Supply Depot  
  29  3:33  Reaper  
  29  3:41  Factory  
  29  3:46  Barracks  
  29  3:55  Factory  
  29  4:30  Barracks Tech Lab  
  29  4:51  Barracks Reactor  
  29  4:52  Marine  
  30  5:08  Widow Mine  
  30  5:09  Siege Tank  
  30  5:10  Widow Mine x2  
  39  5:26  Armory  
  37  5:55  Command Center  
  51  5:57  Orbital Command  
  37  6:30  Siege Tank  
  38  6:51  Supply Depot  
  38  6:54  SCV  
  39  6:58  Drilling Claws  
  39  7:06  Widow Mine x4, SCV  
  48  7:14  Supply Depot  
  48  7:18  SCV  
  48  7:30  SCV  
  48  7:36  Supply Depot  
  47  7:42  SCV  
  40  7:58  Supply Depot  
  37  8:06  Siege Tank  
  37  8:07  Widow Mine  
  37  8:08  Widow Mine x3  
  37  8:12  SCV x2  
  50  8:22  Supply Depot  
  50  8:24  SCV x2  
  52  8:29  Widow Mine x4  
  60  8:36  SCV  
  60  8:37  SCV  
  60  8:38  Siege Tank  
  65  8:49  SCV x2  
  67  9:01  SCV x2  
  67  9:10  Siege Tank  
  67  10:17  Orbital Command  
  50  10:32  Widow Mine x3  
  50  10:33  Widow Mine x2  
  54  10:43  Refinery  
  54  10:45  Refinery  
  46  10:53  Widow Mine x2  
  46  10:54  Widow Mine x3  
  56  11:01  Marine x2, Reaper  
  59  11:14  Widow Mine  
  59  11:15  Widow Mine x3  
  59  11:16  Widow Mine  
  69  11:19  Reaper x2  
  71  11:33  Marine  
  71  11:36  Widow Mine x2  
  71  11:37  Widow Mine x2  
  80  11:40  Siege Tank  
  83  11:51  Marine, Reaper  
  83  11:52  Reaper  
  83  11:53  Supply Depot  
  86  11:57  Widow Mine x2  
  86  11:58  Hellion x2  
  94  12:05  Command Center  
  94  12:11  Command Center  
  94  12:14  Marine, Siege Tank  
  94  12:15  Supply Depot  
  98  12:19  Widow Mine x2  
  102  12:33  Terran Vehicle Weapons Level 1  
  102  12:36  Marine, Reaper x2  
  107  12:37  Widow Mine  
  107  12:38  Supply Depot  
  107  12:42  Supply Depot x2  
  107  12:44  Supply Depot  
  107  12:50  Supply Depot  
  107  12:54  Marine  
  107  12:58  Widow Mine  
  110  12:59  Siege Tank  
  110  13:00  Widow Mine  
  110  13:02  Supply Depot  
  115  13:08  Marine  
  115  13:12  Marine  
  107  13:26  Supply Depot  
  95  13:31  Siege Tank  
  80  13:50  Marine, Reaper  
  80  13:51  Reaper  
  80  13:52  Widow Mine x3  
  80  13:53  Widow Mine  
  76  14:03  Siege Tank  
  76  14:08  Marine  
  80  14:13  Widow Mine  
  80  14:14  Widow Mine x3  
  86  14:22  Marine, Reaper  
  88  14:26  Reaper  
  89  14:35  Widow Mine x4  
  89  14:36  Siege Tank  
  100  14:40  Marine  
  101  14:53  Factory  
  101  14:54  Marine  
  101  14:56  Factory  
  101  14:58  Marine, Reaper  
  104  15:08  Siege Tank  
  104  15:12  Reaper  
  108  15:16  Marine  
  109  15:30  Reaper  
  110  15:40  Siege Tank  
  111  16:12  Siege Tank  
  92  16:27  Marine x2, Reaper  
  92  16:29  Widow Mine x4  
  103  16:44  Widow Mine  
  103  16:45  Reaper  
  107  16:50  Widow Mine x3  
  107  16:51  Widow Mine, Orbital Command  
  107  16:53  Orbital Command  
  111  17:05  Siege Tank  
  96  17:11  Widow Mine  
  96  17:12  Widow Mine x3  
  97  17:33  Widow Mine x4, Factory Reactor  
  97  17:34  Factory Reactor  
  105  17:37  Siege Tank  
  96  18:10  Siege Tank  
  99  18:16  Marine x2, Reaper  
  99  18:17  Widow Mine x2  
  99  18:18  Widow Mine x6  
  118  18:34  Reaper x2  
  120  18:39  Widow Mine x6  
  132  18:42  Siege Tank  
  132  18:44  SCV  
  132  18:48  Marine  
  137  18:56  SCV  
Show
View Real Time Build Order
Export as new Build Order

Felifox Zerg 

Build Orders: Hatch First, Brood Lord Corruptor 

Get SALT Encoding   

  12  0:01  Drone  
  13  0:08  Drone  
  13  0:13  Extractor  
  13  0:16  Drone  
  15  0:23  Overlord  
  15  0:41  Drone x2  
  17  0:47  Drone  
  18  1:00  Hatchery  
  18  1:02  Drone  
  18  1:08  Drone  
  19  1:17  Spawning Pool  
  18  1:20  Drone  
  18  1:23  Extractor  
  18  1:27  Drone  
  19  1:39  Overlord  
  19  1:49  Drone  
  20  2:01  Drone  
  21  2:17  Zergling x4  
  23  2:25  Zergling x4  
  24  2:39  Zergling x4  
  24  2:52  Zergling x4  
  25  2:58  Zergling x4  
  25  3:05  Spine Crawler  
  25  3:07  Spine Crawler  
  25  3:10  Spine Crawler  
  25  3:12  Zergling x4  
  21  3:30  Zergling x8  
  24  3:36  Zergling x2  
  23  3:42  Zergling x2  
  24  3:52  Drone x2  
  25  4:01  Drone x2  
  25  4:08  Drone  
  24  4:15  Lair  
  24  4:16  Metabolic Boost  
  24  4:18  Drone x2  
  25  4:28  Drone  
  26  4:35  Extractor  
  26  4:36  Drone  
  25  4:41  Drone x2  
  27  4:51  Drone  
  28  4:54  Extractor x2, Drone x2  
  28  5:04  Drone  
  28  5:05  Drone  
  30  5:15  Drone x2  
  32  5:24  Drone  
  32  5:26  Drone  
  34  5:29  Hatchery  
  34  5:32  Roach Warren  
  32  5:37  Hydralisk Den, Drone  
  32  5:38  Drone  
  33  6:00  Drone  
  33  6:01  Drone x2  
  33  6:04  Overlord  
  36  6:08  Spire  
  36  6:11  Infestation Pit  
  34  6:16  Drone x2  
  36  6:26  Zergling x4  
  36  6:29  Queen  
  40  6:33  Queen  
  42  6:40  Hatchery  
  41  6:49  Drone x2  
  41  6:50  Drone x3  
  46  6:59  Drone x3  
  49  7:03  Grooved Spines  
  49  7:05  Pneumatized Carapace  
  49  7:17  Overlord x3  
  49  7:38  Drone x2  
  49  7:39  Drone x6  
  49  7:40  Drone  
  58  7:48  Queen  
  60  7:51  Hive  
  60  7:53  Overlord  
  60  7:55  Corruptor  
  62  7:58  Corruptor  
  62  8:03  Corruptor  
  66  8:08  Drone x3  
  66  8:09  Drone  
  66  8:12  Drone x2  
  72  8:28  Queen  
  72  8:31  Corruptor  
  72  8:32  Corruptor x3  
  82  8:35  Drone x2  
  82  8:36  Drone  
  82  8:38  Overlord  
  85  8:49  Drone x3  
  85  8:50  Overlord  
  85  8:51  Overlord x2  
  88  9:01  Corruptor x2  
  92  9:04  Corruptor  
  94  9:15  Corruptor x3  
  98  9:26  Drone x4  
  98  9:29  Greater Spire  
  102  9:39  Corruptor x4  
  102  9:40  Overlord  
  110  9:47  Drone x4  
  114  9:54  Extractor  
  114  9:57  Extractor, Hydralisk x3  
  114  9:58  Hydralisk x2  
  122  10:23  Corruptor x2  
  122  10:24  Corruptor x2  
  124  10:32  Zergling x8  
  124  10:33  Zergling x4  
  122  10:46  Corruptor x3  
  127  11:12  Overlord x2  
  127  11:13  Overlord x7  
  127  11:14  Overlord x2  
  119  11:27  Corruptor x2  
  119  11:28  Corruptor  
  119  11:30  Brood Lord  
  125  11:35  Zergling x6  
  125  11:36  Zergling x8  
  132  11:55  Brood Lord x2  
  136  12:03  Hydralisk x5  
  136  12:05  Zergling x2  
  136  12:06  Zergling x6  
  150  12:09  Extractor  
  150  12:11  Extractor  
  150  12:15  Hydralisk x3  
  150  12:21  Evolution Chamber  
  153  12:24  Queen  
  153  12:29  Zerg Flyer Weapons Level 1  
  155  12:30  Evolution Chamber  
  155  12:33  Brood Lord  
  156  12:39  Zergling x10  
  156  12:40  Zergling x10  
  166  12:48  Overseer  
  136  13:18  Zergling x12  
  136  13:19  Zergling x14  
  142  13:20  Zergling x12  
  129  13:37  Brood Lord x4  
  116  13:42  Hydralisk x4  
  116  13:45  Hydralisk x2  
  103  14:14  Brood Lord x3  
  103  14:15  Brood Lord  
  103  14:16  Zergling x6  
  103  14:17  Zergling x6  
  111  14:43  Zergling x8  
  115  14:50  Hatchery  
  98  15:03  Drone x4  
  102  15:12  Hatchery  
  101  15:19  Zergling x4  
  98  15:54  Hydralisk x6  
  90  16:33  Hydralisk x6  
  102  16:59  Corruptor  
  102  17:00  Corruptor x3  
  110  17:24  Corruptor x4  
  118  17:36  Hydralisk x3  
  116  17:37  Hydralisk x2  
  118  17:58  Zergling x8  
  116  18:19  Hydralisk x4  
  124  18:29  Hydralisk x2  
  128  18:36  Drone  
  128  18:39  Hydralisk  
  124  18:59  Drone x3  
  124  19:00  Drone  
  128  19:09  Hatchery  
Tags
 
Add a new tag
Caveats
  • Supply blocks, unpowered buildings, or Contaminate may cause inaccurate times.
  • Supply counts are checked every 10 seconds.